 Dungeon Crawl Stone Soup version 0.21-a0-125-gb006224 (webtiles) character file.

1271 Jamella the Insei (level 8, -7/64 HPs)
             Began as a Mummy Monk on July 15, 2017.
             Mangled by Menkaure (15 damage)
             ... on level 4 of the Dungeon.
             The game lasted 00:23:56 (10875 turns).

Jamella the Insei (Mummy Monk)                     Turns: 10875, Time: 00:23:57

Health: -7/64      AC:  2    Str: 14    XL:     8   Next: 28%
Magic:  8/8        EV: 14    Int: 10    God:
Gold:   315        SH:  0    Dex: 16    Spells: 7/7 levels left

rFire    x . .     SeeInvis .     - Unarmed
rCold    + . .     Gourm    .   (no shield)
rNeg     + + +     Faith    .   (no armour)
rPois    ∞         Spirit   .   c - +0 helmet
rElec    .         Reflect  .   (no cloak)
rCorr    .         Harm     .   o - +0 pair of gloves
MR       +....                  (no boots)
Stlth    ++........             (no amulet)
HPRegen  0.20/turn              (no ring)
MPRegen  0.11/turn              (no ring)

@: no status effects
A: no food or potions, fire vulnerability, cold resistance 1, negative energy
resistance 3, torment resistance, unbreathing
a: no special abilities


You were on level 4 of the Dungeon.
You were not hungry.

You visited 2 branches of the dungeon, and saw 6 of its levels.
You also visited: Sewer.

You collected 315 gold pieces.


Innate Abilities, Weirdness & Mutations

You do not eat or drink.
Your flesh is vulnerable to fire.
You are immune to poison.
Your flesh is cold resistant. (rC+)
You are immune to negative energy. (rN+++)
You are immune to unholy pain and torment.
You can survive without breathing.


   Skills:
 - Level 6.0 Fighting
 + Level 3.4 Dodging
 - Level 1.5 Stealth
 - Level 7.1 Unarmed Combat


You had 7 spell levels left.
You didn't know any spells.

Inventory:

Hand Weapons
 p - a cursed -2 scythe
Armour
 b - a cursed +0 leather armour
 c - a +0 helmet (worn)
 o - a +0 pair of gloves (worn)
 q - a +0 robe
Jewellery
 h - a cursed amulet of inaccuracy (quivered) {unknown}
Scrolls
 d - 2 scrolls of teleportation {@r4}
 e - 3 scrolls of amnesia {unknown}
 f - a scroll of fear {unknown}
 g - a scroll of magic mapping {unknown}
 i - a scroll of blinking {unknown}
 j - a scroll of immolation {unknown}
 k - a scroll of vulnerability {unknown}
 l - a scroll of identify {unknown}
 m - a scroll of enchant weapon {unknown}
 n - a scroll of recharging {unknown}
Comestibles
 a - a royal jelly

Dungeon Overview and Level Annotations

Branches:
Dungeon (5/15)             Temple (1/1) D:5

Altars:
Ashenzari
Dithmenos
Elyvilon
Fedhas
Gozag
Hepliaklqana
Kikubaaqudgha
Makhleb
Nemelex Xobeh
Okawaru
Qazlal
Ru
Uskayaw
Vehumet
Wu Jian
Xom
Yredelemnul
Zin
The Shining One

Annotations:
D:4 WWW, Menkaure
D:5 exclusions: centaur, ogre and orc wizard

...▒▒▒ ▒.▒ ▒▒..▒ ▒.▒
▒▒.▒ ▒.▒ ▒▒▒.▒▒▒▒
▒.▒ .!▒....▒ ▒▒▒▒
▒▒▒
....▒▒.▒▒▒▒8▒▒▒8▒▒▒
....▒▒..▒▒........▒
.....▒.(▒8........▒▒
........▒▒......M..▒
(.......▒▒...▒▒8▒M.▒
(.......▒▒...▒▒▒▒..▒
(...▒...▒⌠...⌠▒ ...▒
....▒.▒▒▒▒)..▒▒....▒
....▒.▒8▒▒...▒▒...▒▒
....▒........▒▒.M▒▒
▒▒▒▒▒........8▒▒▒
▒........▒▒


You could see Menkaure.


Message History

You squash Menkaure like an ant!
Menkaure is lightly damaged!
Menkaure hits you!!!
You take 15 damage, and have 37/64 hp!
MASSIVE DAMAGE!!!!!!
You pulverise Menkaure!
Menkaure is moderately damaged!
Menkaure closely misses you!
You pound Menkaure into fine dust! You punch Menkaure!
Menkaure is heavily damaged!
Menkaure hits you! * * * don't die
* * * You take 5 damage, and have 32/64 hp!
You pound Menkaure but do no damage!
Menkaure is heavily damaged!
Menkaure hits you! * * * don't die
* * * You take 3 damage, and have 29/64 hp!
You pummel Menkaure like a punching bag!!!
Menkaure is almost destroyed!
Menkaure hits you!!!!!! * * * don't die
* * * You take 22 damage, and have 7/64 hp!
MASSIVE DAMAGE!!!!!!
You pulverise Menkaure!
Menkaure is almost destroyed!
Menkaure rustles drily!
Menkaure misses you!
You pound Menkaure but do no damage!
Menkaure is almost destroyed!
Menkaure hits you!!! rip

Action                   |  1- 3 |  4- 6 |  7- 9 || total
-------------------------+-------+-------+-------++-------
Melee: Unarmed           |   156 |   296 |   187 ||   639
       Punch             |     5 |     7 |     5 ||    17
  Use: Scroll            |       |     1 |       ||     1
 Stab: Sleeping          |     7 |     3 |     1 ||    11
       Distracted        |       |     1 |       ||     1
Armor: Skin              |     9 |    27 |     9 ||    45
Dodge: Dodged            |    99 |   175 |    95 ||   369

Vault maps used:
D:1:      dpeg_arrival_stone_temple_mockup, minmay_misc_feat_plants,
          lemuel_another_geyser
D:2:      overflow_temple_1_default, uniq_sigmund
D:3:      first_bread
D:4:      gammafunk_temple_overflow_elements, serial_corexii_hall,
          corexii_hall_statues_s, corexii_hall_statues_deadend,
          cheibrodos_sewer_entry_sluice, uniq_menkaure
D:5:      temple_doors_e
Temple:   eino_temple_rhombus
Sewer:    sewer_frog_island_01

Notes
Turn   | Place    | Note
-------+----------+-------------------------------------------
     0 | D:1      | Jamella the Mummy Monk began the quest for the Orb.
     0 | D:1      | Reached XP level 1. HP: 18/18 MP: 1/1
   759 | D:1      | Reached XP level 2. HP: 21/24 MP: 2/2
   890 | D:1      | Reached skill level 3 in Unarmed Combat
  1381 | D:1      | Reached XP level 3. HP: 15/29 MP: 3/3
  1665 | D:2      | Noticed Sigmund
  1915 | D:2      | Found a shimmering altar of Xom.
  2452 | D:3      | Reached skill level 4 in Unarmed Combat
  2851 | D:1      | Reached XP level 4. HP: 26/35 MP: 4/4
  4933 | D:4      | Noticed a phantom
  4976 | D:4      | Noticed an ogre
  5220 | D:4      | Found a burning altar of Makhleb.
  5220 | D:4      | Found a stormy altar of Qazlal.
  5364 | D:4      | Found a glowing drain.
  5512 | Sewer    | Entered a sewer
  5553 | Sewer    | Reached XP level 5. HP: 41/41 MP: 5/5
  5856 | Sewer    | Reached skill level 5 in Unarmed Combat
  6236 | D:4      | Noticed Menkaure
  6286 | D:4      | Killed an ogre
  6286 | D:4      | Reached skill level 4 in Fighting
  6473 | D:4      | Reached XP level 6. HP: 42/48 MP: 6/6
  6824 | D:5      | Entered Level 5 of the Dungeon
  7051 | D:3      | Reached skill level 5 in Fighting
  7783 | D:5      | Reached XP level 7. HP: 33/56 MP: 7/7
  7963 | D:5      | Found a staircase to the Ecumenical Temple.
  8148 | Temple   | Entered the Ecumenical Temple
  8465 | D:5      | Reached skill level 6 in Unarmed Combat
  9530 | Temple   | HP: 5/56 [sky beast (5)]
  9566 | Temple   | Reached skill level 7 in Unarmed Combat
  9884 | D:5      | Reached XP level 8. HP: 30/63 MP: 8/8
 10372 | D:5      | Reached skill level 6 in Fighting
 10649 | D:2      | Killed Sigmund
 10649 | D:2      | Reached skill level 3 in Dodging
 10875 | D:4      | Mangled by Menkaure

Vanquished Creatures
  Sigmund (D:2)
  2 sky beasts (Temple)
  A phantom (D:3)
  An ogre (D:4)
  A centaur (D:5)
  A bullfrog (D:5)
  A scorpion (D:3)
  5 crimson imps
  2 bullfrog skeletons (D:5)
  An iguana (D:5)
  2 worker ants
  A hound skeleton (D:4)
  8 adders
  4 gnolls
  An ooze (D:3)
  A worm (D:3)
  4 dart slugs
  4 leopard geckos
  15 orcs
  5 bats
  11 giant cockroaches
  8 hobgoblins
  6 jackals
  3 quokkas
  5 ball pythons
  4 frilled lizards
  12 goblins
  8 kobolds
  11 rats
129 creatures vanquished.

Vanquished Creatures (others)
  A goblin (D:1)
1 creature vanquished.

Grand Total: 130 creatures vanquished
